 Dungeon Crawl Stone Soup version 0.21-a0-450-gd87a9b27c2 (webtiles) character file.

56 Cecky the Insei (level 3, -2/26 HPs)
             Began as a Merfolk Transmuter on Nov 16, 2017.
             Slain by a gnoll
             ... wielding a +2 spear of flaming
              (9 damage)
             ... on level 2 of the Dungeon on Nov 20, 2017.
             The game lasted 00:05:12 (1735 turns).

Cecky the Insei (Merfolk Transmuter)                Turns: 1735, Time: 00:05:12

Health: -2/26      AC:  2    Str: 10    XL:     3   Next: 95%
Magic:  6/6        EV: 13    Int: 13    God:
Gold:   23         SH:  0    Dex: 14    Spells: 5/6 levels left

rFire    . . .     SeeInvis .     - Unarmed
rCold    . . .     Gourm    .   (no shield)
rNeg     . . .     Faith    .   b - +0 robe
rPois    .         Spirit   .   (no helmet)
rElec    .         Reflect  .   (no cloak)
rCorr    .         Harm     .   (no gloves)
MR       .....                  f - -1 pair of boots
Stlth    +.........             (no amulet)
HPRegen  0.08/turn              (no ring)
MPRegen  0.10/turn              (no ring)

@: appendage (expiring)
A: change form in water, swift swim, stealthy swim, horns 2
a: End Transformation


You were on level 2 of the Dungeon.
You were hungry.
You had grown temporary horns.
You visited 1 branch of the dungeon, and saw 2 of its levels.

You collected 23 gold pieces.

Inventory:

Missiles
 a - 39 arrows
Armour
 b - a +0 robe (worn)
 f - a -1 pair of boots (worn)
Jewellery
 h - a +1 ring of evasion {unknown}
Books
 c - a book of Changes

   Spells                             Type                      Level
   a - Beastly Appendage              Transmutation                1
   b - Sticks to Snakes               Transmutation                2
   c - Spider Form                    Transmutation/Poison         3
   d - Ice Form                       Ice/Transmutation            4
   e - Blade Hands                    Transmutation                5
Comestibles
 d - a bread ration
 i - a meat ration


   Skills:
 + Level 1.2 Fighting
 - Level 2.7 Dodging
 + Level 4.5 Unarmed Combat
 - Level 2.0 Spellcasting
 * Level 3.9 Transmutations


You had 5 spell levels left.
You knew the following spells:

 Your Spells              Type           Power        Failure   Level  Hunger
a - Beastly Appendage     Tmut           ##....       4%          1    ##.....


Dungeon Overview and Level Annotations

Branches:
Dungeon (2/15)

Altars:


Innate Abilities, Weirdness & Mutations

You revert to your normal form in water.
You are very nimble and swift while swimming.
You are very stealthy in the water. (Stealth+)
You have a pair of horns on your head.


Message History

The gnoll hits you from afar with a spear.
You see here a halberd.
The gnoll hits you but does no damage.
There is a stone staircase leading up here.
You hit the gnoll. You headbutt the gnoll!
The gnoll is almost dead.
The gnoll closely misses you.
You barely miss the gnoll.
The gnoll is almost dead.
You hit the gnoll.
You kill the gnoll!
A gnoll comes into view. It is wielding a spear of flaming.
You see here a spear.
Your transformation is almost over.
The gnoll hits you from afar with a spear of flaming.
The gnoll burns you.
* * * LOW HITPOINT WARNING * * *
You see here a spear.
The gnoll hits you with a spear of flaming!
You die...

####################
#....g.g.........#..
#.##############.#.#
#.######### #.#.#
#.#........ #...#
#.#)######. #####
#.#@# #.#g####
#.#....# #.####.#
#.## #.# #..# #.#
##g# #.# #.# #.# #g#
#g#


You could see a gnoll.

Vanquished Creatures
  3 gnolls
  An adder (D:1)
  A dart slug (D:1)
  2 hobgoblins (D:1)
  2 kobolds (D:1)
  A quokka (D:2)
  A ball python (D:1)
  2 bats (D:1)
  2 frilled lizards (D:1)
  2 goblins (D:1)
  4 rats (D:1)
21 creatures vanquished.

Notes
Turn   | Place    | Note
-------+----------+-------------------------------------------
     0 | D:1      | Cecky the Merfolk Transmuter began the quest for the Orb.
     0 | D:1      | Reached XP level 1. HP: 15/15 MP: 3/3
   416 | D:1      | Reached XP level 2. HP: 21/21 MP: 3/5
  1261 | D:1      | Reached skill level 4 in Unarmed Combat
  1261 | D:1      | Reached XP level 3. HP: 25/26 MP: 4/6
  1666 | D:1      | Upgraded the game from 0.21-a0-442-g848f44b3bc to 0.21-a0-450-gd87a9b27c2
  1735 | D:2      | Slain by a gnoll

Vault maps used:
D:1:      scummos_arrival_gate
D:2:      first_bread

Skill      XL: |  1  2 |
---------------+-------+-----
Transmutations | 3 |  3.9
Unarmed Combat | 4 |  4.5
Fighting       | |  1.2
Dodging        | |  2.7
Spellcasting   | |  2.0

Action                   || total
-------------------------++-------
Melee: Unarmed           ||    90
       Headbutt          ||     6
       Punch             ||     1
 Cast: Beastly Appendage ||     6
  Use: Scroll            ||     4
 Stab: Sleeping          ||     5
  Eat: Chunk             ||     2
Armor: Robe              ||    10
Dodge: Dodged            ||    66

Table legend:
 A = Spawn XP
 B = Non-spawn XP
 C = Spawn XP percentage of total XP
 D = Spawn monster count
 E = Non-spawn monster count
 F = Spawn count percentage of total count
 G = Total turns spent on level
                    A         B        C        D         E        F      G
               +---------+---------+-------+---------+---------+-------+---------
         Total |       0 |      80 |   0.0 |       0 |      21 |   0.0 |  1735
               +---------+---------+-------+---------+---------+-------+---------
           D:1 |       0 |      50 |   0.0 |       0 |      18 |   0.0 |  1544
           D:2 |       0 |      30 |   0.0 |       0 |       3 |   0.0 |   191
               +---------+---------+-------+---------+---------+-------+---------
